 Dungeon Sprint DCSS version 0.29-a0-398-ge13fd1374b (webtiles) character file.

Game seed: 4680853126986081055

8700000 Zeld the Conqueror (level 27, -45/202 (228) HPs)
             Began as a Djinni Monk on May 12, 2022.
             Was the Champion of Makhleb.
             Killed from afar by a wretched soul (81 damage)
             ... with a bolt of negative energy
             ... in the Dungeon (Sprint VIII: "Arena of Blood").
             The game lasted 00:03:41 (87 turns).

Zeld the Conqueror (Djinni Monk)                      Turns: 87, Time: 00:03:42

HP:   -45/202 (228) AC:  4    Str: 20    XL:     27
Gold: 0             EV: 27    Int: 17    God:    Makhleb [******] SH:  0 Dex: 15

rFire   + + .      SeeInvis .   h - +∞ Axe of Woe
rCold   x . .      Faith    .   (shield currently unavailable)
rNeg    . . .      Spirit   .   a - +0 robe
rPois   ∞          Reflect  .   (no helmet)
rElec   .          Harm     .   (no cloak)
rCorr   .          Rampage  .   (no gloves)
Will    ++...      NoTele   +   (boots unavailable)
Stlth   +++++++++.              (no amulet)
HPRegen 0.43/turn               i - +250 ring of slaying
MPRegen 0.00/turn               j - +250 ring of slaying

@: flying, heavily drained
A: sickness immunity, fire resistance 2, cold vulnerability 1, float, innate
caster, HP casting, extra vitality 1
a: Renounce Religion, Minor Destruction, Lesser Servant of Makhleb, Major
Destruction, Greater Servant of Makhleb


You were in the Dungeon.
You worshipped Makhleb.
Makhleb was exalted by your worship.
You visited 1 branch

Inventory:

Hand Weapons
 h - the +∞ Axe of Woe (weapon)
   (You found it in the Dungeon)
Armour
 a - a +0 robe (worn)
Jewellery
 i - a +250 ring of slaying (left hand)
 j - a +250 ring of slaying (right hand)
Scrolls
 g - a scroll of blinking
Potions
 b - a potion of ambrosia
 c - a potion of curing
 d - a potion of heal wounds
 e - a potion of haste
 f - a potion of berserk rage


   Skills:
 O Level 27 Fighting
 O Level 27 Short Blades
 O Level 27 Long Blades
 O Level 27 Axes
 O Level 27 Maces & Flails
 O Level 27 Polearms
 O Level 27 Staves
 O Level 27 Slings
 O Level 27 Bows
 O Level 27 Crossbows
 O Level 27 Throwing
 O Level 27 Armour
 O Level 27 Dodging
 O Level 27 Stealth
 O Level 27 Shields
 O Level 27 Unarmed Combat
 O Level 27 Spellcasting
 O Level 27 Invocations
 O Level 27 Evocations


You had 8 spell levels left.
You knew the following spells:

 Your Spells              Type           Power      Damage    Failure   Level
a - Sandblast             Erth           100%       2d20      0%          1
b - Ensorcelled Hibernat  Hex/Ice        100%       N/A       0%          2
c - Ozocubu's Armour      Ice            86%        N/A       0%          3
d - Gell's Gravitas       Tloc           86%        N/A       0%          3
e - Sticky Flame          Conj/Fire      86%        2d10      0%          4
f - Manifold Assault      Tloc           86%        N/A       0%          5
g - Eringya's Noxious Bo  Tmut/Pois      43%        N/A       0%          6
h - Orb of Destruction    Conj           43%        9d12      1%          7
i - Storm Form            Tmut/Air       43%        N/A       1%          7
j - Disjunction           Tloc           43%        N/A       1%          8
k - Infestation           Necr           43%        N/A       1%          8
l - Dragon's Call         Summ           43%        N/A       2%          9
m - Death's Door          Necr           43%        N/A       2%          9
Your spell library was empty.

Dungeon Overview and Level Annotations

Branches:
Dungeon (1/1)

Altars:
Makhleb


Innate Abilities, Weirdness & Mutations

You are immune to sickness and miasma.
You are immune to poison.
Your flesh is very heat resistant. (rF++)
You are vulnerable to cold. (rC-)
You float through the air rather than walking.
You learn spells naturally, not from books.
Your magical power is your life essence.
You have superior vitality. (+4 MHP)


Message History

Unknown command.
j - a +250 ring of slaying (right hand)
You are engulfed in blazing flames.
You resist.
You hear a shout!
The eight-headed meat hydra calls on the powers of darkness!
The eight-headed meat hydra convulses!
Your body is wracked with pain!
The bag of meat convulses!
The bag of meat is engulfed in blazing flames.
Unknown command.
Unknown command.
You are too injured to fight recklessly!
Unknown command.
Unknown command.
Unknown command.
You open the bag of meat like a pillowcase!!!!
You butcher the bag of meat messily.
You kill the bag of meat!
Makhleb accepts your kill.
You feel better.
You are engulfed in blazing flames.
You resist.
You hear a shout! x2
The eight-headed meat hydra calls on the powers of darkness!
The eight-headed meat hydra convulses!
The bag of meat convulses!
Your body is wracked with pain!
* * * LOW HITPOINT WARNING * * *
You hear a shout! x2
The eight-headed meat hydra calls on the powers of darkness!
The eight-headed meat hydra convulses!
Your body is wracked with pain!
* * * LOW HITPOINT WARNING * * *
You hear a shout!
Unknown command.
Unknown command.
Unknown command.
You hear a shout! x4
An eight-headed meat hydra comes into view.
You hear a shout!
A bolt of negative energy appears from out of thin air!
Deactivating autopickup; reactivate with Ctrl-A.
The bolt of negative energy hits you!!!!
You feel drained.
You die...

.. O...D #.. ...#
#.. ...# . .###..
...###..o
......###.......o
......_..... ...
#.{)).# ....
#_)<@_# .....
...#.D○))#..X...
......)_))§......
......###§§§.....
.###.. ...###...
#.. ..o.# .. #.
.....# o.W.....D
...........


You could see 3 eight-headed meat hydras and a bag of meat.

Vanquished Creatures
  10 vampire knights (D)
  29 ogres (D)
  5 two-headed ogres (D)
  A lich (D)
  A hydra (D)
  A phantom (D)
  5 hell beasts (D)
  36 orcs (D)
  3 skeletal warriors (D)
  4 royal mummies (D)
  A wraith (D)
96 creatures vanquished.

Notes
Turn   | Place    | Note
-------+----------+-------------------------------------------
     0 | D        | Found the +∞ Axe of Woe
     0 | D        | Zeld the Djinni Monk began the quest for the Orb.
     0 | D        | Reached XP level 1. HP: 20/20 MP: 0/0
     4 | D        | Became a worshipper of Makhleb the Destroyer
     4 | D        | Reached * piety under Makhleb
     4 | D        | Reached ** piety under Makhleb
     4 | D        | Noticed a meat berserker
     6 | D        | Noticed a meat berserker
     8 | D        | Killed a meat berserker
     8 | D        | Noticed a meat berserker
     8 | D        | Noticed a meat berserker
     8 | D        | Noticed a meat berserker
     9 | D        | Reached skill level 10 in Spellcasting
     9 | D        | Reached XP level 2. HP: 50/50 MP: 0/0
     9 | D        | Reached XP level 3. HP: 57/57 MP: 0/0
     9 | D        | Learned a level 1 spell: Sandblast
     9 | D        | Reached XP level 4. HP: 63/63 MP: 0/0
     9 | D        | Reached XP level 5. HP: 69/69 MP: 0/0
     9 | D        | Learned a level 2 spell: Ensorcelled Hibernation
     9 | D        | Reached XP level 6. HP: 76/76 MP: 0/0
     9 | D        | Reached XP level 7. HP: 82/82 MP: 0/0
     9 | D        | Learned a level 3 spell: Ozocubu's Armour
     9 | D        | Reached XP level 8. HP: 88/88 MP: 0/0
     9 | D        | Reached XP level 9. HP: 94/94 MP: 0/0
     9 | D        | Learned a level 3 spell: Gell's Gravitas
     9 | D        | Reached XP level 10. HP: 101/101 MP: 0/0
     9 | D        | Reached XP level 11. HP: 107/107 MP: 0/0
     9 | D        | Learned a level 4 spell: Sticky Flame
     9 | D        | Reached XP level 12. HP: 113/113 MP: 0/0
     9 | D        | Noticed a bag of meat
    10 | D        | Noticed a bag of meat
    10 | D        | Noticed a bag of meat
    11 | D        | Killed a meat berserker
    11 | D        | Killed a meat berserker
    11 | D        | Reached *** piety under Makhleb
    11 | D        | Noticed a meat berserker
    11 | D        | Noticed a meat berserker
    12 | D        | Reached XP level 13. HP: 67/130 MP: 0/0
    12 | D        | Learned a level 5 spell: Manifold Assault
    12 | D        | Reached XP level 14. HP: 71/137 MP: 0/0
    12 | D        | Killed a meat berserker
    12 | D        | Noticed a meat berserker
    13 | D        | Reached skill level 27 in Fighting
    13 | D        | Reached XP level 15. HP: 68/147 MP: 0/0
    13 | D        | Learned a level 6 spell: Eringya's Noxious Bog
    13 | D        | Killed a meat berserker
    14 | D        | Reached skill level 15 in Spellcasting
    14 | D        | Noticed a meat berserker
    15 | D        | Noticed a meat berserker
    16 | D        | Killed a meat berserker
    16 | D        | Reached **** piety under Makhleb
    16 | D        | Killed a meat berserker
    17 | D        | Reached XP level 16. HP: 134/154 MP: 0/0
    17 | D        | Reached XP level 17. HP: 139/160 MP: 0/0
    17 | D        | Learned a level 7 spell: Orb of Destruction
    17 | D        | Noticed a meat berserker
    18 | D        | Killed a meat berserker
    18 | D        | Reached ***** piety under Makhleb
    19 | D        | Killed a meat berserker
    20 | D        | Reached skill level 27 in Invocations
    20 | D        | Reached XP level 18. HP: 167/167 MP: 0/0
    20 | D        | Killed a meat berserker
    20 | D        | Noticed a large bag of meat
    23 | D        | Killed a meat berserker
    23 | D        | Reached ****** piety under Makhleb
    24 | D        | Reached skill level 27 in Axes
    24 | D        | Reached XP level 19. HP: 174/174 MP: 0/0
    24 | D        | Learned a level 7 spell: Storm Form
    26 | D        | Reached skill level 27 in Spellcasting
    28 | D        | Noticed a meat berserker
    29 | D        | Killed a large bag of meat
    29 | D        | Noticed a meat berserker
    29 | D        | Noticed a destroyer
    30 | D        | Reached skill level 5 in Maces & Flails
    30 | D        | Reached skill level 5 in Polearms
    30 | D        | Reached skill level 5 in Slings
    30 | D        | Reached skill level 5 in Bows
    30 | D        | Reached skill level 5 in Throwing
    30 | D        | Reached skill level 5 in Armour
    30 | D        | Noticed a large bag of meat
    31 | D        | Noticed a destroyer
    32 | D        | Killed a destroyer
    33 | D        | Reached XP level 20. HP: 133/181 MP: 0/0
    35 | D        | Killed a meat berserker
    35 | D        | Noticed a meat berserker
    36 | D        | Reached skill level 10 in Armour
    36 | D        | Reached skill level 10 in Shields
    36 | D        | Reached skill level 10 in Evocations
    36 | D        | Killed a meat berserker
    37 | D        | Reached skill level 10 in Short Blades
    37 | D        | Reached skill level 10 in Long Blades
    37 | D        | Reached skill level 10 in Maces & Flails
    37 | D        | Reached skill level 10 in Staves
    37 | D        | Reached XP level 21. HP: 171/187 MP: 0/0
    37 | D        | Learned a level 8 spell: Disjunction
    38 | D        | Reached skill level 10 in Polearms
    39 | D        | Reached skill level 10 in Slings
    39 | D        | Noticed a meat berserker
    40 | D        | Reached skill level 10 in Bows
    40 | D        | Reached skill level 10 in Crossbows
    40 | D        | Reached skill level 10 in Throwing
    40 | D        | Noticed a large bag of meat
    40 | D        | Noticed an eight-headed meat hydra
    40 | D        | Noticed a destroyer
    40 | D        | Noticed a destroyer
    40 | D        | Noticed a destroyer
    41 | D        | Killed a destroyer
    42 | D        | Killed a destroyer
    42 | D        | Noticed a meat berserker
    42 | D        | Noticed a destroyer
    43 | D        | Reached XP level 22. HP: 194/194 MP: 0/0
    43 | D        | Killed a large bag of meat
    43 | D        | Killed a meat berserker
    44 | D        | Reached skill level 15 in Short Blades
    44 | D        | Reached skill level 15 in Long Blades
    44 | D        | Reached skill level 15 in Armour
    44 | D        | Reached skill level 15 in Shields
    44 | D        | Reached skill level 15 in Evocations
    44 | D        | Killed a meat berserker
    45 | D        | Reached skill level 15 in Staves
    46 | D        | Noticed a meat berserker
    47 | D        | Killed a destroyer
    48 | D        | Reached skill level 15 in Maces & Flails
    48 | D        | Reached skill level 15 in Polearms
    48 | D        | Reached XP level 23. HP: 102/201 MP: 0/0
    48 | D        | Learned a level 8 spell: Infestation
    48 | D        | Killed a large bag of meat
    48 | D        | Killed a destroyer
    48 | D        | Noticed an accursed
    48 | D        | Noticed an accursed
    49 | D        | Reached skill level 15 in Slings
    49 | D        | Reached skill level 15 in Bows
    49 | D        | Reached skill level 15 in Crossbows
    49 | D        | Reached skill level 15 in Throwing
    49 | D        | Noticed an accursed
    52 | D        | Noticed an accursed
    53 | D        | Killed an accursed
    54 | D        | Reached XP level 24. HP: 75/208 MP: 0/0
    54 | D        | Killed an accursed
    55 | D        | Killed a destroyer
    58 | D        | Reached XP level 25. HP: 214/214 MP: 0/0
    58 | D        | Learned a level 9 spell: Dragon's Call
    60 | D        | Noticed a large bag of meat
    63 | D        | Killed an accursed
    63 | D        | Noticed a meat beast
    63 | D        | Noticed a destroyer
    64 | D        | Reached XP level 26. HP: 112/221 MP: 0/0
    64 | D        | Noticed a meat beast
    65 | D        | Killed an accursed
    65 | D        | Noticed a meat beast
    66 | D        | Killed a meat beast
    66 | D        | Noticed a meat beast
    67 | D        | Reached XP level 27. HP: 158/228 MP: 0/0
    67 | D        | Learned a level 9 spell: Death's Door
    67 | D        | Killed a meat beast
    67 | D        | Killed a meat beast
    68 | D        | Reached skill level 27 in Short Blades
    68 | D        | Reached skill level 27 in Long Blades
    68 | D        | Reached skill level 27 in Armour
    68 | D        | Reached skill level 27 in Shields
    68 | D        | Reached skill level 27 in Evocations
    68 | D        | Killed a large bag of meat
    68 | D        | Killed a meat beast
    68 | D        | Noticed a dread
    68 | D        | Noticed a large bag of meat
    69 | D        | Reached skill level 27 in Maces & Flails
    69 | D        | Reached skill level 27 in Polearms
    69 | D        | Reached skill level 27 in Staves
    69 | D        | Noticed a meat beast
    70 | D        | Killed a meat beast
    71 | D        | Reached skill level 27 in Slings
    71 | D        | Reached skill level 27 in Bows
    71 | D        | Reached skill level 27 in Crossbows
    71 | D        | Reached skill level 27 in Throwing
    71 | D        | Reached skill level 15 in Unarmed Combat
    71 | D        | Killed a destroyer
    71 | D        | Noticed a tyrant
    71 | D        | Noticed a destroyer
    72 | D        | Noticed a destroyer
    73 | D        | Reached skill level 27 in Dodging
    73 | D        | Noticed a destroyer
    74 | D        | Killed a dread
    75 | D        | Reached skill level 27 in Unarmed Combat
    76 | D        | Killed a destroyer
    77 | D        | Reached skill level 27 in Stealth
    80 | D        | Killed a large bag of meat
    82 | D        | Killed a destroyer
    82 | D        | Killed a destroyer
    84 | D        | Killed a tyrant
    87 | D        | Killed from afar by a wretched soul

Illustrated notes

Levels and vault maps discovered:
D:        meatsprint

Skill      XL: |  1  2  3  4  5  6  7  8  9 10 11 12 13 14 15 16 17 18 19 20 21 22 23 24 25 26 27 |
---------------+----------------------------------------------------------------------------------+-----
Fighting       | 20 25 27 | 27.0
Axes           | 11 13 14 20 23 27 | 27.0
Spellcasting   | 10 13 14 19 21 26 27 | 27.0
Invocations    | 12 16 17 23 27 | 27.0
Short Blades   | 7 10 13 16 18 21 22 25 27 | 27.0
Long Blades    | 7 10 13 16 18 21 23 25 27 | 27.0
Maces & Flails | 7 10 12 15 17 19 21 23 27 | 27.0
Polearms       | 7 9 12 15 17 19 21 23 27 | 27.0
Staves         | 7 10 13 15 18 20 21 24 27 | 27.0
Slings         | 7 9 12 14 16 18 20 22 27 | 27.0
Bows           | 6 9 12 14 16 18 20 22 27 | 27.0
Crossbows      | 6 9 12 14 16 18 20 22 27 | 27.0
Throwing       | 6 9 12 14 16 18 20 22 27 | 27.0
Armour         | 7 10 14 17 19 21 23 25 27 | 27.0
Shields        | 8 11 14 17 19 21 23 25 27 | 27.0
Evocations     | 8 11 14 17 19 21 23 25 27 | 27.0
Dodging        | 27 | 27.0
Unarmed Combat | 27 | 27.0
Stealth        | 27 | 27.0

Action                   |  1- 3 |  4- 6 |  7- 9 | 10-12 | 13-15 | 16-18 | 19-21 | 22-24 | 25-27 || total
-------------------------+-------+-------+-------+-------+-------+-------+-------+-------+-------++-------
Melee: Executioner's axe |     1 |       |       |     1 |     4 |     6 |    12 |    13 |    22 ||    59
 Stab: Distracted        |       |       |       |       |       |       |     1 |       |       ||     1

Table legend: (Time is in decaauts)
 A = Elapsed time spent in this place.
 B = Non-inter-level travel time spent in this place.
 C = Inter-level travel time spent in this place.
 D = Time resting spent in this place.
 E = Time spent auto-exploring this place.
 F = Levels seen in this place.
 G = Mean time per level.
                   A        B        C        D        E       F      G
               +--------+--------+--------+--------+--------+-----+--------+
         Total |     79 |     79 |      0 |      0 |      0 |   1 |   79.0 |
       Dungeon |     79 |     79 |      0 |      0 |      0 |   1 |   79.0 |
               +--------+--------+--------+--------+--------+-----+--------+

Top non-repeatable levels by time:
       D: 79 daAuts
